 Dungeon Crawl Stone Soup version 0.30-a0-726-gd89dcf765f (webtiles) character file.

Game seed: 16338863582036376322

9 browni3141 the Digger (level 2, 0/22 HPs)
             Began as a Human Earth Elementalist on Jan 29, 2023.
             Slain by a hound (2 damage)
             ... on level 1 of the Dungeon.
             The game lasted 00:01:06 (681 turns).

browni3141 the Digger (Human Earth Elementalist)     Turns: 681, Time: 00:01:06

Health: 0/22       AC:  2    Str:  8    XL:     2   Next: 25%
Magic:  3/5        EV: 12    Int: 15    God:
Gold:   17         SH:  0    Dex: 13    Spells: 4/5 levels left

rFire   . . .      SeeInvis .    h - +0 short sword
rCold   . . .      Faith    .    (no shield)
rNeg    . . .      Spirit   .    a - +0 robe
rPois   .          Reflect  .    (no helmet)
rElec   .          Harm     .    (no cloak)
rCorr   .          Rampage  .    (no gloves)
Will    .....                    (no boots)
Stlth   ++                       (no amulet)
HPRegen 0.23/turn                (no ring)
MPRegen 0.09/turn                (no ring)

@: no status effects
A: no striking features
a: no special abilities


You were on level 1 of the Dungeon.
You visited 1 branch of the dungeon, and saw 2 of its levels.

You collected 17 gold pieces.

Inventory:

Hand Weapons
 h - a +0 short sword (weapon)
Armour
 a - a +0 robe (worn)
 d - a +2 kite shield
Scrolls
 c - 2 scrolls of identify {unknown}
 e - a scroll of fog {unknown}
 i - a scroll of torment {unknown}
Potions
 f - 2 potions of invisibility {unknown}
 g - a potion of lignification {unknown}


   Skills:
 + Level 1.7 Fighting
 - Level 2.0 Dodging
 - Level 2.0 Stealth
 - Level 2.0 Spellcasting
 - Level 1.0 Transmutations
 - Level 3.0 Earth Magic


You had 4 spell levels left.
You knew the following spells:

 Your Spells              Type           Power      Damage    Failure   Level
a - Sandblast             Erth           20%        2d7       6%          1

Your spell library contained the following spells:

 Spells                   Type           Power      Damage    Failure   Level
 Passwall                 Tmut/Erth      5%         N/A       14%         2
 Stone Arrow              Conj/Erth      12%        3d7       34%         3
 Call Canine Familiar     Summ           1%         N/A       54%         3
 Kindle Blastsparks       Fire/Tloc/Air  2%         2d10      54%         3
 Portal Projectile        Hex/Tloc       2%         N/A       54%         3
 Petrify                  Tmut/Erth      7%         N/A       67%         4
 Leda's Liquefaction      Hex/Erth       3%         N/A       75%         4
 Fulminant Prism          Conj/Hex       0%         3d5       91%         4
 Iskenderun's Mystic Bla  Conj/Tloc      1%         2d3       91%         4
 Lee's Rapid Deconstruct  Erth           5%         3d6*      87%         5
 Chain Lightning          Conj/Air       0%         2d1       100%        9
 Fire Storm               Conj/Fire      0%         6d1       100%        9
 Shatter                  Erth           5%         3d8*      100%        9


Dungeon Overview and Level Annotations

Branches:
Dungeon (2/15)

Altars:


Message History

The hound bites you but does no damage. The hound bites you.
Aiming: Sandblast (safe; 6% risk of failure)
Press: ? - help, Q - select action Shift-Dir - straight line, f/p - hound
Aim: a hound (moderately wounded, 75% to hit)
The blast of sand hits the hound.
The hound is heavily wounded.
The hound bites you. The hound barely misses you. The hound bites you.
Aiming: Sandblast (safe; 6% risk of failure)
Press: ? - help, Q - select action Shift-Dir - straight line, f/p - hound
Aim: a hound (heavily wounded, 75% to hit)
The blast of sand hits the hound.
The hound is severely wounded.
The hound pauses to sniff the ground.
The hound closely misses you. The hound misses you.
Aiming: Sandblast (safe; 6% risk of failure)
Press: ? - help, Q - select action Shift-Dir - straight line, f/p - hound
Aim: a hound (severely wounded, 75% to hit)
The blast of sand misses the hound.
The hound stops to sniff the ground.
The hound misses you. The hound barely misses you.
Magic courses through your body. The hound misses you.
The hound barely misses you.
Aiming: Sandblast (safe; 6% risk of failure)
Press: ? - help, Q - select action Shift-Dir - straight line, f/p - hound
Aim: a hound (severely wounded, 75% to hit)
The blast of sand misses the hound.
The hound barely misses you. The hound bites you.
* * * LOW HITPOINT WARNING * * *
Aiming: Sandblast (safe; 6% risk of failure)
Press: ? - help, Q - select action Shift-Dir - straight line, f/p - hound
Aim: a hound (severely wounded, 75% to hit)
The blast of sand misses the hound.
The hound barely misses you. The hound bites you.
* * * LOW HITPOINT WARNING * * *
Aiming: Sandblast (safe; 6% risk of failure)
Press: ? - help, Q - select action Shift-Dir - straight line, f/p - hound
Aim: a hound (severely wounded, 75% to hit)
The blast of sand misses the hound.
The hound bites you.
You die...

....##..#######....##
.............##...##
.............##...#
#............##...#
#######...#####...# .#
###.....#..##########
.#
########.............#
.##
#...........########.#
..#
#.........h@.......#.#
..#
#...........###.#..#.#
..#
#...........###.#....#
.##
#...............######
'# #...............#
.### #...............#
...#######...##......#
....# #...##......#
....# ####...##......#


You could see a hound.

Vanquished Creatures
  A ball python (D:1)
  A bat (D:1)
  An endoplasm (D:1)
  2 goblins (D:1)
  A frilled lizard (D:1)
  2 kobolds (D:1)
  A rat (D:1)
9 creatures vanquished.

Notes
Turn   | Place    | Note
-------+----------+-------------------------------------------
     0 | D:1      | browni3141 the Human Earth Elementalist began the quest for
                  | the Orb.
     0 | D:1      | Reached XP level 1. HP: 13/13 MP: 3/3
   209 | D:1      | Reached skill level 1 in Fighting
   504 | D:1      | Reached XP level 2. HP: 18/21 MP: 3/5
   680 | D:1      | HP: 1/22 [hound (5)]
   681 | D:1      | Slain by a hound

Illustrated notes

Levels and vault maps discovered:
D:1:      dpeg_arrival_three_smaller_balls, layout_basic
D:2:      layout_rooms, minmay_pentomino_v4, uniq_jessica

Skill      XL: |  1 |
---------------+----+-----
Fighting       | 1 |  1.7
Dodging        | |  2.0
Stealth        | |  2.0
Spellcasting   | |  2.0
Transmutations | |  1.0
Earth Magic    | |  3.0

Action                     || total
---------------------------++-------
   Cast: Sandblast         ||    19
    Use: Potion            ||     1
 Armour: Robe              ||     2
  Dodge: Dodged            ||    12

Table legend: (Time is in decaauts)
 A = Elapsed time spent in this place.
 B = Non-inter-level travel time spent in this place.
 C = Inter-level travel time spent in this place.
 D = Time resting spent in this place.
 E = Time spent auto-exploring this place.
 F = Levels seen in this place.
 G = Mean time per level.
                   A        B        C        D        E       F      G
               +--------+--------+--------+--------+--------+-----+--------+
         Total |    689 |    625 |     64 |      0 |    561 |   2 |  344.5 |
       Dungeon |    689 |    625 |     64 |      0 |    561 |   2 |  344.5 |
               +--------+--------+--------+--------+--------+-----+--------+

Top non-repeatable levels by time:
     D:1: 686 daAuts
     D:2: 3 daAuts
